 Dungeon Crawl Stone Soup version 0.19.0-19-g8c6edcc (webtiles) character file.

6116 Dioneo the Carver (level 10, -9/81 HPs)
             Began as a Black Draconian Fighter on Nov 14, 2016.
             Was a Follower of Vehumet.
             Mangled by a centaur
             ... wielding a +0 falchion
              (13 damage)
             ... on level 8 of the Dungeon.
             The game lasted 00:32:03 (12424 turns).

Dioneo the Carver (Black Draconian Fighter)        Turns: 12424, Time: 00:32:04

Health: -9/81      AC: 11    Str: 20    XL:     10   Next: 58%
Magic:  10/10      EV: 12    Int:  9    God:    Vehumet [*.....]
Gold:   180        SH: 12    Dex: 12    Spells: 1 memorised, 8 levels left

rFire  . . .     SeeInvis .     a - +0 long sword
rCold  . . .     Gourm    .     (armour unavailable)
rNeg   . . .     Faith    .     b - +0 shield
rPois  .         Spirit   .     (helmet restricted)
rElec  +         Reflect  .     B - +2 cloak
rCorr  .         Harm     .     (no gloves)
MR     .....                    o - +0 pair of boots
Stlth  +.........               (no amulet)
                                (no ring)
                                (no ring)

@: very slightly contaminated, starving, hasted, very quick
A: breathe lightning, unfitting armour, electricity resistance, cold-blooded, AC
+7
a: Breathe Lightning, Renounce Religion


You were on level 8 of the Dungeon.
You worshipped Vehumet.
Vehumet was aware of your devotion.
You were starving.

You visited 2 branches of the dungeon, and saw 9 of its levels.
You also visited: Ossuary.

You collected 422 gold pieces.
You spent 242 gold pieces at shops.

Inventory:

Hand Weapons
 a - a +0 long sword (weapon)
Missiles
 c - 32 poisoned needles
 f - 5 curare-tipped needles
 g - 10 tomahawks (quivered)
Armour
 b - a +0 shield (worn)
 o - a +0 pair of boots (worn)
 B - a +2 cloak (worn)
Jewellery
 r - an uncursed amulet of rage {unknown}
 D - an uncursed ring of fire {unknown}
 G - a +1 ring of evasion {unknown}
 M - an uncursed amulet of guardian spirit {unknown}
 Q - a cursed -2 ring of dexterity {unknown}
Wands
 C - a wand of acid (0/15)
 O - a wand of flame (23/48)
 P - a wand of paralysis (13/24)
Scrolls
 j - a scroll of remove curse {unknown}
 k - a scroll of magic mapping
 l - a scroll of immolation {unknown}
 p - 2 scrolls of teleportation
 y - a scroll of enchant armour {unknown}
 A - 4 scrolls of amnesia
 E - a scroll of noise
 I - a scroll of random uselessness {unknown}
 J - a scroll of enchant weapon {unknown}
 N - a scroll of identify
Potions
 e - 3 potions of flight
 h - 4 potions of brilliance
 m - 2 potions of cancellation
 n - 2 potions of lignification
 q - 5 potions of heal wounds
 s - a potion of cure mutation {unknown}
 t - a potion of haste
 u - 2 potions of ambrosia
 v - a potion of beneficial mutation {unknown}
 w - a potion of curing {unknown}
 x - 2 potions of resistance
 z - 2 potions of magic
 L - a potion of berserk rage
Comestibles
 d - 2 bread rations
 F - 2 royal jellies
 H - a fruit
 K - 2 meat rations


   Skills:
 + Level 5.5 Fighting
 * Level 11.4 Long Blades
 - Level 2.6 Dodging
 + Level 10.9 Shields


You had 8 spell levels left.
You knew the following spells:

 Your Spells              Type           Power        Failure   Level  Hunger
a - Magic Dart            Conj           #...         71%         1    ##.....


Dungeon Overview and Level Annotations

Branches:
Dungeon (8/15)             Temple (1/1) D:6
   Lair: D:8-11

Altars:
Ashenzari
Cheibriados
Elyvilon
Fedhas
Gozag
Hepliaklqana
Kikubaaqudgha
Nemelex Xobeh
Okawaru
Qazlal
Ru
Sif Muna
Trog
Vehumet
Xom
Yredelemnul
Zin

Shops:
D:6 *

Annotations:
D:7 exclusion: statue
D:8 Joseph


Innate Abilities, Weirdness & Mutations

You can breathe wild blasts of lightning.
Your glossy black scales are hard. (AC +7)
You cannot fit into any form of body armour.
You are resistant to electric shocks. (rElec)
You are cold-blooded and may be slowed by cold attacks.


Message History

You block the centaur's attack. You block the centaur's attack.
A quokka comes into view.
The ogre shouts!
Joseph, a Mercenary comes into view.
He is wielding a quarterstaff of protection.
Joseph shouts!
The centaur rages.
Joseph unwields an uncursed quarterstaff of protection.
Joseph wields a glowing hunting sling.
It bursts into flame!
Joseph shoots a sling bullet.
You block the sling bullet. You block the centaur's attack.
You see here a sling bullet.
The centaur hits you but does no damage.
The centaur hits you with a falchion!
* * * LOW HITPOINT WARNING * * *
You block the centaur's attack.
You have got your breath back.
You block the centaur's attack. The centaur hits you with a falchion!
You die...

#O#
#.#
#
#r#
#
#.#
#
#.#
#
#.#
#
#.#
#
#c#
#
#@#
#
#.#
#
#.#
#.#
#.#
#.#
#.#
#.#
#.#
#.#
#.#
#.#
#.#


You could see a centaur (berserk) and a quokka.

Vanquished Creatures
  A hydra (D:8)
  The ghost of Jannitor the Ruffian, a novice TrMo (D:5)
  A slime creature (D:8)
  Prince Ribbit (D:8)
  3 hippogriffs
  Sigmund (D:3)
  A wyvern (D:7)
  Grum (D:8)
  Edmund (D:4)
  Duvessa (D:4)
  2 ice beasts
  2 phantoms
  2 black bears
  A centaur (D:8)
  3 wolves (D:8)
  4 ogres
  3 elf zombies (Ossuary)
  5 bullfrogs
  Dowan (D:4)
  A scorpion (D:4)
  4 killer bees (D:8)
  2 howler monkeys
  4 crimson imps
  2 quasits
  4 centaur zombies (Ossuary)
  2 hounds (D:7)
  5 human zombies (Ossuary)
  2 orc priests (D:4)
  Jessica (D:3)
  4 orc wizards
  6 worker ants
  3 mummies (Ossuary)
  A worker ant zombie (D:5)
  Robin (D:3)
  A howler monkey skeleton (D:5)
  12 gnolls
  9 adders
  3 shadow imps
  4 oozes
  An adder skeleton (D:4)
  A worm (D:3)
  A dart slug (D:3)
  6 leopard geckos
  23 orcs
  A ball python (D:6)
  5 giant cockroaches
  10 goblins
  9 hobgoblins
  5 jackals
  8 kobolds
  2 quokkas
  7 bats
  3 frilled lizards
  A giant cockroach zombie (D:6)
  15 rats
204 creatures vanquished.

Notes
Turn   | Place    | Note
-------+----------+-------------------------------------------
     0 | D:1      | Dioneo the Draconian Fighter began the quest for the Orb.
     0 | D:1      | Reached XP level 1. HP: 19/19 MP: 1/1
    97 | D:1      | Reached XP level 2. HP: 18/26 MP: 2/2
   587 | D:1      | Reached XP level 3. HP: 30/31 MP: 3/3
  1227 | D:2      | Reached skill level 3 in Long Blades
  1611 | D:2      | Found a shimmering altar of Xom.
  1663 | D:2      | Reached XP level 4. HP: 38/38 MP: 4/4
  2022 | D:3      | Noticed Sigmund
  2254 | D:3      | Noticed Robin
  2269 | D:3      | Killed Robin
  2404 | D:3      | Found a faded altar of an unknown god.
  2404 | D:3      | Found a faded altar of an unknown god.
  2515 | D:3      | Reached XP level 5. HP: 41/45 MP: 5/5
  2525 | D:3      | Found a snail-covered altar of Cheibriados.
  2527 | D:3      | Found a faded altar of an unknown god.
  2529 | D:3      | Found a faded altar of an unknown god.
  2785 | D:4      | Found a sparkling altar of Nemelex Xobeh.
  3112 | D:4      | Reached skill level 4 in Long Blades
  3322 | D:4      | Noticed a phantom
  3360 | D:4      | Killed a phantom
  3360 | D:4      | Reached skill level 5 in Shields
  3401 | D:4      | Reached XP level 6. HP: 51/51 MP: 6/6
  3506 | D:4      | Reached skill level 5 in Long Blades
  3687 | D:4      | Noticed Edmund
  3691 | D:4      | Noticed Dowan
  3692 | D:4      | Noticed Duvessa
  3720 | D:4      | Killed Edmund
  4019 | D:4      | Your scales start taking on a glossy black colour.
  4019 | D:4      | Reached XP level 7. HP: 24/57 MP: 7/7
  4019 | D:4      | Gained mutation: You are resistant to electric shocks. (rElec) [Black Draconian growth]
  4377 | D:4      | Killed Duvessa
  4378 | D:4      | Killed Dowan
  4378 | D:4      | Reached skill level 6 in Long Blades
  4860 | D:4      | Found a shattered altar of Ashenzari.
  5083 | D:3      | Killed Sigmund
  5721 | D:3      | Reached XP level 8. HP: 42/63 MP: 8/8
  5932 | D:3      | Noticed Jessica
  5943 | D:3      | Killed Jessica
  6130 | D:5      | Entered Level 5 of the Dungeon
  6260 | D:5      | Found a sand-covered staircase.
  6267 | Ossuary  | Entered an ossuary
  6283 | Ossuary  | Reached skill level 7 in Long Blades
  6823 | Ossuary  | Reached skill level 8 in Long Blades
  7528 | D:5      | Noticed Jannitor's ghost (novice TrMo)
  7543 | D:5      | Killed Jannitor's ghost
  7543 | D:5      | Reached XP level 9. HP: 30/70 MP: 9/9
  7668 | D:5      | Found a deep blue altar of Sif Muna.
  8049 | D:5      | Reached skill level 9 in Long Blades
  8985 | D:6      | Found a staircase to the Ecumenical Temple.
  9000 | Temple   | Entered the Ecumenical Temple
  9524 | D:6      | Reached skill level 10 in Shields
  9673 | D:6      | Found Ogakuf's Assorted Antiques.
  9807 | D:6      | Bought a sedimented golden potion for 22 gold pieces
  9807 | D:6      | Bought a glowing copper wand for 100 gold pieces
  9807 | D:6      | Bought a scroll labeled TURIESH MANY for 25 gold pieces
  9807 | D:6      | Bought 2 sedimented golden potions for 45 gold pieces
  9807 | D:6      | Bought a scroll labeled XEUXZEVI FAOT for 25 gold pieces
  9807 | D:6      | Bought a scroll labeled YTHAUS VIEBLO for 25 gold pieces
 10069 | D:7      | Reached skill level 10 in Long Blades
 10211 | D:7      | Found a radiant altar of Vehumet.
 10245 | D:7      | Became a worshipper of Vehumet
 10599 | D:7      | Found a basalt altar of Yredelemnul.
 10676 | D:7      | Reached XP level 10. HP: 26/79 MP: 10/10
 11023 | D:7      | Found a white marble altar of Elyvilon.
 11394 | D:8      | Noticed Prince Ribbit
 11400 | D:8      | Killed Prince Ribbit
 11596 | D:8      | Noticed Grum
 11625 | D:8      | Killed Grum
 11625 | D:8      | Reached * piety under Vehumet
 11625 | D:8      | Offered knowledge of Magic Dart by Vehumet.
 11692 | D:8      | Learned a level 1 spell: Magic Dart
 11950 | D:8      | Reached skill level 11 in Long Blades
 12173 | D:8      | Noticed a seven-headed hydra
 12189 | D:8      | Reached skill level 5 in Fighting
 12190 | D:8      | Killed a seven-headed hydra
 12410 | D:8      | Noticed Joseph
 12416 | D:8      | HP: 3/81 [centaur/falchion (10)]
 12424 | D:8      | Mangled by a centaur

Skill      XL: |  1  2  3  4  5  6  7  8  9 10 |
---------------+-------------------------------+-----
Long Blades    | 3 4 5 6 8 10 11 | 11.4
Shields        | 4 5 6 7 9 10 | 10.9
Fighting       | 4 5 |  5.5
Dodging        | |  2.6

Action                   |  1- 3 |  4- 6 |  7- 9 | 10-12 || total
-------------------------+-------+-------+-------+-------++-------
Melee: Long sword        |   111 |   194 |   568 |   127 ||  1000
       Tailslap          |    13 |    24 |    87 |    18 ||   142
 Abil: Breathe Lightning |       |       |     6 |     4 ||    10
Evoke: Wand              |       |       |       |     3 ||     3
  Use: Scroll            |       |     2 |    14 |     1 ||    17
       Potion            |       |     2 |     6 |     3 ||    11
 Stab: Invisible         |       |       |     1 |       ||     1
       Distracted        |       |       |     1 |       ||     1
       Sleeping          |       |       |     1 |       ||     1
  Eat: Chunk             |     2 |     6 |    16 |     4 ||    28
       Beef jerky        |       |     1 |     1 |       ||     2
       Pizza             |       |     1 |       |       ||     1
       Bread ration      |       |       |     1 |       ||     1
       Fruit             |       |       |       |     1 ||     1
Armor: Skin              |    24 |    51 |   138 |    42 ||   255
Dodge: Dodged            |    52 |    68 |   201 |    56 ||   377
Block: Shield            |    55 |    94 |   293 |   103 ||   545
       Rpst.: Long sword |    24 |    12 |    50 |    22 ||   108
